 Dungeon Crawl Stone Soup version 0.30-a0-6-g7c9e10e132 (webtiles) character file.

Game seed: 7221898086797549057

49 SensoryNuts the Trooper (level 3, 0/29 HPs)
             Began as a Demonspawn Fighter on Aug 23, 2022.
             Succumbed to an adder's poison
             ... on level 2 of the Dungeon.
             The game lasted 00:01:30 (1480 turns).

SensoryNuts the Trooper (Demonspawn Fighter)        Turns: 1480, Time: 00:01:31

Health: 0/29       AC:  6    Str: 16    XL:     3   Next: 53%
Magic:  3/3        EV:  8    Int:  9    God:
Gold:   69         SH:  6    Dex: 14    Spells: 2/2 levels left

rFire   . . .      SeeInvis .    a - +1 war axe
rCold   . . .      Faith    .    c - +1 buckler
rNeg    . . .      Spirit   .    b - +0 scale mail
rPois   .          Reflect  .    (no helmet)
rElec   .          Harm     .    (no cloak)
rCorr   .          Rampage  .    (no gloves)
Will    .....                    (no boots)
Stlth   ..........               (no amulet)
HPRegen 0.09/turn                (no ring)
MPRegen 0.08/turn                (no ring)

@: mighty, lethally poisoned (0 -> -2)
A: demonic guardian 1, weakness stinger 1
a: no special abilities


You were on level 2 of the Dungeon.
You visited 1 branch of the dungeon, and saw 3 of its levels.

You collected 69 gold pieces.

Inventory:

Hand Weapons
 a - a +1 war axe (weapon)
Armour
 b - a +0 scale mail (worn)
 c - a +1 buckler (worn)
Scrolls
 e - a scroll of fear
 f - a scroll of teleportation
 j - a scroll of butterflies


   Skills:
 + Level 3.2 Fighting
 * Level 2.6 Axes
 + Level 3.2 Armour
 + Level 3.0 Shields


You had 2 spell levels left.
You didn't know any spells.
Your spell library contained the following spells:

 Spells                   Type           Power      Damage    Failure   Level
 Ensorcelled Hibernation  Hex/Ice        0%         N/A       96%         2
 Spider Form              Tmut/Pois      0%         N/A       99%         3
 Anguish                  Hex/Necr       0%         N/A       100%        4


Dungeon Overview and Level Annotations

Branches:
Dungeon (3/15)

Altars:


Innate Abilities, Weirdness & Mutations

A weak demonic guardian rushes to your aid.
You have a small tail.


Message History

You are too injured to fight recklessly!
Unknown command.
You are too injured to fight recklessly!
You feel very mighty all of a sudden.
You feel sick. The adder bites you but does no damage.
You barely miss the adder.
You feel sick. The adder bites you.
You are lethally poisoned!
The adder poisons you! The adder bites you but does no damage.
You closely miss the adder.
* * * LOW HITPOINT WARNING * * *
You feel very sick. You block the adder's attack. The adder barely misses you.
Unknown command.
As you read the scroll labelled NIELIHAUCS, it crumbles to dust.
You assume a fearsome visage.
The adder looks frightened!
It was a scroll of fear.
* * * LOW HITPOINT WARNING * * *
You feel sick.
As you read the scroll labelled PYSIELUIRA, it crumbles to dust.
You feel strangely unstable.
It was a scroll of teleportation.
* * * LOW HITPOINT WARNING * * *
You feel sick.
As you read the scroll labelled PUL ETEM GAADWA, it crumbles to dust.
It is a scroll of enchant armour.
Your +0 buckler glows green for a moment.
* * * LOW HITPOINT WARNING * * *
You feel sick.
As you read the scroll labelled DOLUTTAWEO, it crumbles to dust.
It is a scroll of identify.
i - a scroll of enchant weapon
* * * LOW HITPOINT WARNING * * *
You feel sick.
As you read the scroll of identify, it crumbles to dust.
j - a scroll of butterflies Your surroundings suddenly seem different.
* * * LOW HITPOINT WARNING * * *
You feel sick.
As you read the scroll of enchant weapon, it crumbles to dust.
Your +0 war axe glows red for a moment.
You die...

......... ######...
######## ...
#......# #......###
#........# ..#
####.....# #.####
#.....# #.....
#.....#########....#
#..@..#......##....#
#...†)'......##.....
#.....#......#.†....
#.....#......##.....
#####.######.....##.
#.# #.....+
#######.# #.....#
#....)..# #.....#
#.####### #.......


There were no monsters in sight!

Vanquished Creatures
  An adder (D:3)
  A worm (D:2)
  7 ball pythons
  An endoplasm (D:2)
  5 goblins
  A hobgoblin (D:1)
  4 jackals (D:1)
  A kobold (D:2)
  2 quokkas (D:1)
  8 bats
  A frilled lizard (D:1)
  3 rats
35 creatures vanquished.

Vanquished Creatures (others)
  2 fungi (D:1)
2 creatures vanquished.

Grand Total: 37 creatures vanquished

Notes
Turn   | Place    | Note
-------+----------+-------------------------------------------
     0 | D:1      | SensoryNuts the Demonspawn Fighter began the quest for the
                  | Orb.
     0 | D:1      | Reached XP level 1. HP: 18/18 MP: 1/1
   292 | D:1      | Gained mutation: A weak demonic guardian rushes to your
                  | aid. [demonic ancestry]
   292 | D:1      | Reached XP level 2. HP: 22/24 MP: 2/2
   307 | D:1      | Found a faded altar of an unknown god.
   830 | D:1      | Gained mutation: You have a small tail. [demonic ancestry]
   830 | D:1      | Reached XP level 3. HP: 29/29 MP: 3/3
  1281 | D:2      | You fall into a shaft and drop 1 floor!
  1479 | D:2      | HP: 1/29 [poisoned by an adder]
  1480 | D:2      | Succumbed to an adder's poison

Illustrated notes

Levels and vault maps discovered:
D:1:      noname_arrival_rooms_in_the_neighbourhood, layout_basic,
          shapermc_ecumenical_altar_acropolis
D:2:      layout_basic, minmay_pentomino_o2
D:3:      layout_rooms, chequers_serial_rivers_micro_e

Skill      XL: |  1  2  3 |
---------------+----------+-----
Axes           | 2 |  2.6
Armour         | 3 |  3.2
Shields        | 3 |  3.0
Fighting       | |  3.2

Action                   || total
-------------------------++-------
Melee: War axe           ||    91
       Tailslap          ||     1
  Use: Scroll            ||     6
       Potion            ||     1
Armor: Scale mail        ||    61
Dodge: Dodged            ||    42
Block: Buckler           ||    26

Table legend: (Time is in decaauts)
 A = Elapsed time spent in this place.
 B = Non-inter-level travel time spent in this place.
 C = Inter-level travel time spent in this place.
 D = Time resting spent in this place.
 E = Time spent auto-exploring this place.
 F = Levels seen in this place.
 G = Mean time per level.
                   A        B        C        D        E       F      G
               +--------+--------+--------+--------+--------+-----+--------+
         Total |   1517 |   1492 |     25 |      0 |   1237 |   3 |  505.7 |
       Dungeon |   1517 |   1492 |     25 |      0 |   1237 |   3 |  505.7 |
               +--------+--------+--------+--------+--------+-----+--------+

Top non-repeatable levels by time:
     D:1: 1050 daAuts
     D:2: 442 daAuts
     D:3: 25 daAuts
